AoeStats
← Cien Ojos

Arabia

505365113Analyzed
1v1 RM · 24d ago on Sep 9, 2026· 39m 0s· 2 players
Game mode
Random Map
Map size
Tiny (2 player)
Population
200
Speed
Normal
Resources
Standard
Victory
Conquest
Starting age
Dark Age
Ending age
Imperial Age
RankedLock teamsTeams togetherTeam positionsShared explorationLock speedFull tech treeHidden civsTurbo modeCheats
Victory
Defeat
🇦🇷 Turks · Argentina
1160
+16
🇪🇸 Maya · Spain
1153
-16
Narue
0:31 Loom
10:30 Feudal Age
18:15 Double-Bit Axe
19:09 Wheelbarrow
18:49 Gold Mining
18:43 Horse Collar
23:52 Castle Age
23:26 Fletching
23:37 Scale Mail Armor
24:26 Forging
24:48 Crossbowman
25:34 Thumb Ring
Cien Ojos
5:59 Loom
8:54 Feudal Age
9:36 Double-Bit Axe
15:10 Horse Collar
18:56 Castle Age
17:57 Forging
17:52 Scale Barding Armor
19:15 Fletching
19:25 Padded Archer Armor
21:06 Bloodlines
20:57 Husbandry
28:24 Chain Barding Armor
30:36 Wheelbarrow
35:19 Gold Mining
37:00 Iron Casting
38:41 Bow Saw
Connection lost

Rejoining the realm…

Still unreachable

The connection could not be restored.

Session expired

The server has moved on; the page needs a fresh start.